 Dungeon Crawl Stone Soup version 0.26-a0-662-g8b9c6dab81 (webtiles) character file.

Game seed: 726606823766427881

23284 grandjackal the Grappler (level 12, -7/99 HPs)
             Began as a Demonspawn Gladiator on Oct 9, 2020.
             Was an Initiate of Gozag.
             Mangled by a green draconian
             ... wielding a +0 mace
              (9 damage)
             ... on level 2 of the Abyss.
             The game lasted 00:26:40 (16980 turns).

grandjackal the Grappler (Demonspawn Gladiator)    Turns: 16980, Time: 00:26:40

Health: -7/99      AC: 17    Str: 25    XL:     12   Next: 70%
Magic:  0/18       EV:  9    Int: 11    God:    Gozag
Gold:   1536       SH:  0    Dex: 16    Spells: 15/21 levels left

rFire    + . .     SeeInvis .     - Unarmed
rCold    + . .     Faith    .   (no shield)
rNeg     + . .     Spirit   +   E - +4 plate armour {rN+}
rPois    +         Reflect  .   (helmet restricted)
rElec    +         Harm     .   (no cloak)
rCorr    +         Rampage  .   (no gloves)
MR       .....                  n - +0 pair of boots
Stlth    ..........             (no amulet)
HPRegen  0.26/turn              h - +6 ring of strength
MPRegen  0.32/turn              (no ring)

@: mighty, brilliant, resistant (expiring), gold aura, stab, very slightly
contaminated, invisible
A: claws 2, horns 1, icy blue scales 2, clever 1, deformed body, deterioration
1, foul stench 1, low mp 1, evolution 1, magic shield, magic regeneration, rot
immunity
a: Potion Petition, Call Merchant, Bribe Branch, Renounce Religion


You were on level 2 of the Abyss.
You worshipped Gozag.
Gozag was most pleased with you.
You visited 2 branches of the dungeon, and saw 12 of its levels.
You visited the Abyss 1 time.
You also visited: Sewer.

You collected 2369 gold pieces.
You spent 180 gold pieces at shops.
You paid 653 gold pieces to Gozag.

Inventory:

Hand Weapons
 a - a +0 long sword
 k - a +1 dagger of venom
Missiles
 f - 58 poisoned darts (quivered)
Armour
 c - a +0 helmet
 n - a +0 pair of boots (worn)
 E - a +4 plate armour of positive energy (worn)
 K - the +3 warlock's mirror {reflect}
   (You found it on level 11 of the Dungeon)
Jewellery
 h - a +6 ring of strength (left claw)
 I - an uncursed ring of ice {unknown}
Wands
 y - a wand of flame (18)
 D - a wand of random effects (42)
 L - a wand of polymorph (9)
Scrolls
 i - a scroll of fog
 j - 2 scrolls of amnesia
 l - 7 scrolls of remove curse
 o - 4 scrolls of enchant weapon
 p - 4 scrolls of magic mapping
 q - a scroll of blinking {unknown}
 t - a scroll of immolation {unknown}
 u - 5 scrolls of teleportation
 w - 3 scrolls of enchant armour {unknown}
 z - 3 scrolls of fear {unknown}
 A - 2 scrolls of random uselessness {unknown}
 H - a scroll of identify
 J - a scroll of summoning {unknown}
Potions
 d - a potion of cancellation {unknown}
 g - a potion of mutation
 m - 3 potions of ambrosia
 r - 2 potions of brilliance
 s - 2 potions of resistance
 v - 2 potions of lignification
 x - 4 potions of invisibility
 C - a potion of stabbing
 F - a potion of flight {unknown}
 G - a potion of experience {unknown}


   Skills:
 + Level 10.6 Fighting
 - Level 3.3 Long Blades
 - Level 1.7 Throwing
 + Level 9.3 Armour
 - Level 3.3 Dodging
 + Level 12.0 Unarmed Combat
 + Level 5.3 Spellcasting
 + Level 5.1 Conjurations
 - Level 2.3 Evocations


You had 15 spell levels left.
You knew the following spells:

 Your Spells              Type           Power        Failure   Level
a - Searing Ray           Conj           ###...       36%         2
b - Iskenderun's Mystic   Conj/Tloc      ##......     100%        4

Your spell library contained the following spells:

 Spells                   Type           Power        Failure   Level
 Magic Dart               Conj           ###.         26%         1
 Dazzling Flash           Conj/Hex       ##....       92%         3
 Fulminant Prism          Conj/Hex       ##........   100%        4


Dungeon Overview and Level Annotations

Branches:
Dungeon (11/15)            Temple (1/1) D:4            Lair (0/6) D:9
    Orc (0/2) D:9           Sewer (visited)

Altars:
Ashenzari
Cheibriados
Dithmenos
Elyvilon
Fedhas
Gozag
Hepliaklqana
Kikubaaqudgha
Makhleb
Nemelex Xobeh
Okawaru
Qazlal
Ru
Sif Muna
Trog
Uskayaw
Vehumet
Wu Jian
Xom
Yredelemnul
Zin
The Shining One

Shops:
D:4 (   D:5 }


Innate Abilities, Weirdness & Mutations

You have very sharp fingernails.
You are mostly covered in icy blue scales. (AC +3)
You may emit foul miasma when damaged in melee.
When hurt, damage is shared between your health and your magic reserves.
You regenerate magic rapidly.
You are immune to rotting.
You have a pair of small horns on your head.
Your mind is acute. (Int +2)
Armour fits poorly on your strangely shaped body.
Your body sometimes deteriorates upon taking damage.
Your magical capacity is low. (-10% MP)
You evolve.


Message History

Unknown command.
You now have 1536 gold pieces (gained 22).
You start to feel less resistant.
The green draconian breathes poison at you.
The blast of poison misses you.
The green draconian hits you with a +0 mace.
* * * LOW HITPOINT WARNING * * *
The green draconian barely misses you.
Things that are here:
47 gold pieces; a +3 scimitar of flaming The helpless green draconian fails to defend itself.
You claw the green draconian! You headbutt the green draconian!
Your claw misses the green draconian.
The green draconian is lightly wounded.
You strike the helpless green draconian from behind!
You claw the green draconian! You headbutt the green draconian.
The green draconian is moderately wounded.
The green draconian hits you with a +0 mace!
You die...
Your body crumbles into a pile of gold.

.... # ....##
###....X.# ##.
.... ....## ..#.
.......
..##....##
....... ##$.# #.
. ......##..$...
.. #.......$d##
≈# .#.....@##☼☼#
.#......##○☼##.[
...... #☼☼# .#
..... .☼☼○# #§
... . ○.○## ≈§
.......... .. .
##... ... ....
#. . ....


You could see a green draconian.

Vanquished Creatures
  A cacodemon (Abyss:2)
  A boulder beetle (D:11)
  4 two-headed ogres
  2 thrashing horrors (Abyss:2)
  2 unseen horrors
  7 wizards (D:11)
  A centaur zombie (D:11)
  4 smoke demons (Abyss:2)
  Joseph (D:9)
  A gargoyle (D:11)
  3 efreet (Abyss:2)
  2 trolls
  Prince Ribbit (D:9)
  2 ynoxinuls (Abyss:2)
  17 yaks
  4 wraiths (D:10)
  8 orc warriors
  An eye of draining (D:8)
  3 ice beasts
  4 phantoms
  3 sky beasts
  2 necrophages (D:9)
  4 ogres
  7 centaurs
  11 bullfrogs
  A wyvern zombie (D:10)
  A scorpion (D:9)
  6 killer bees (D:7)
  10 wights
  2 bullfrog zombies
  4 hounds
  4 quasits
  4 jellies
  6 orc priests
  A gnoll shaman (Temple)
  10 iguanas
  7 orc wizards
  6 worker ants
  2 hound skeletons
  6 gnolls
  A worker ant zombie (D:7)
  13 adders
  2 shadow imps
  2 white imps
  2 ufetubi
  5 oozes
  An adder zombie (D:9)
  4 worms
  4 dart slugs
  19 leopard geckos
  22 orcs
  6 bats
  11 giant cockroaches
  2 gnoll zombies (D:4)
  9 goblins
  10 hobgoblins
  27 jackals
  12 kobolds
  7 quokkas
  10 ball pythons
  17 frilled lizards
  A quokka skeleton (D:8)
  9 rats
362 creatures vanquished.

Vanquished Creatures (others)
  2 smoke demons (Abyss:2)
2 creatures vanquished.

Grand Total: 364 creatures vanquished

Notes
Turn   | Place    | Note
-------+----------+-------------------------------------------
     0 | D:1      | grandjackal the Demonspawn Gladiator began the quest for
                  | the Orb.
     0 | D:1      | Reached XP level 1. HP: 16/16 MP: 1/1
    51 | D:1      | Gained mutation: You are partially covered in icy blue
                  | scales. (AC +2) [demonic ancestry]
    51 | D:1      | Reached XP level 2. HP: 16/22 MP: 2/2
   317 | D:1      | Gained mutation: When hurt, damage is shared between your
                  | health and your magic reserves. [demonic ancestry]
   317 | D:1      | Reached XP level 3. HP: 28/28 MP: 3/3
  1170 | D:2      | Found a broken altar of Ashenzari.
  1172 | D:2      | Found a blossoming altar of Fedhas.
  1209 | D:2      | Gained mutation: You have sharp fingernails. [demonic
                  | ancestry]
  1209 | D:2      | Reached XP level 4. HP: 32/35 MP: 4/4
  1910 | D:2      | Reached skill level 1 in Unarmed Combat
  2727 | D:3      | Found a radiant altar of Vehumet.
  2744 | D:3      | Noticed an ice beast
  2938 | D:3      | Gained mutation: You are immune to rotting. [demonic
                  | ancestry]
  2938 | D:3      | Reached XP level 5. HP: 35/41 MP: 5/5
  2963 | D:3      | Found a glowing drain.
  2972 | Sewer    | Entered a sewer
  2974 | Sewer    | Reached skill level 1 in Armour
  3051 | Sewer    | Reached skill level 2 in Unarmed Combat
  3452 | Sewer    | Gained mutation: You are mostly covered in icy blue scales.
                  | (AC +3) [demonic ancestry]
  3452 | Sewer    | Reached XP level 6. HP: 42/48 MP: 6/6
  3479 | Sewer    | Reached skill level 3 in Unarmed Combat
  3685 | D:3      | Found an ancient bone altar of Kikubaaqudgha.
  3852 | D:2      | Killed an ice beast
  4095 | D:4      | Reached XP level 7. HP: 38/55 MP: 4/7
  4209 | D:4      | Found a staircase to the Ecumenical Temple.
  4224 | Temple   | Entered the Ecumenical Temple
  4251 | Temple   | Became a worshipper of Gozag Ym Sagoz the Greedy
  4329 | Temple   | Reached skill level 4 in Unarmed Combat
  4781 | D:4      | Found a glowing golden altar of the Shining One.
  5165 | D:4      | Found Gac Soel's Weapon Shoppe.
  5387 | D:4      | Found a basalt altar of Yredelemnul.
  5430 | D:5      | Entered Level 5 of the Dungeon
  5635 | D:5      | Found Putouroj's Gadget Shoppe.
  5693 | D:5      | Reached skill level 5 in Fighting
  5700 | D:5      | Reached skill level 5 in Unarmed Combat
  6703 | D:5      | Reached XP level 8. HP: 31/62 MP: 3/8
  7492 | D:6      | Reached skill level 6 in Unarmed Combat
  8811 | D:7      | Noticed a two-headed ogre
  8829 | D:7      | Reached skill level 7 in Unarmed Combat
  8829 | D:7      | Gained mutation: You regenerate magic rapidly. [demonic
                  | ancestry]
  8829 | D:7      | Reached XP level 9. HP: 66/70 MP: 9/9
  8870 | D:6      | Killed a two-headed ogre
  8870 | D:6      | Reached skill level 5 in Armour
  9231 | D:7      | Noticed a two-headed ogre
  9253 | D:7      | Reached skill level 8 in Unarmed Combat
  9255 | D:7      | Gained mutation: Your mind is acute. (Int +2) [potion of
                  | mutation]
  9255 | D:7      | Gained mutation: You evolve. [potion of mutation]
  9272 | D:7      | Killed a two-headed ogre
  9976 | D:7      | Found Zin's Purification Station.
  9981 | D:7      | Found a glowing silver altar of Zin.
 10004 | D:6      | Gained mutation: You have very sharp fingernails. [demonic
                  | ancestry]
 10004 | D:6      | Reached XP level 10. HP: 45/79 MP: 6/10
 10180 | D:7      | Reached skill level 9 in Unarmed Combat
 10279 | D:7      | Identified the +6 war axe "Zismafeo" {vorpal, Int+5}
 10560 | D:7      | Found an ornate altar of the Wu Jian Council.
 10667 | D:7      | Bought 2 potions of curing for 180 gold pieces
 11029 | D:7      | Found a faded altar of an unknown god.
 11029 | D:7      | Found a bloodstained altar of Trog.
 11034 | D:7      | Found a stormy altar of Qazlal.
 11036 | D:7      | Found a sparkling altar of Nemelex Xobeh.
 11038 | D:7      | Found a faded altar of an unknown god.
 11486 | D:8      | Noticed a two-headed ogre
 11497 | D:8      | Killed a two-headed ogre
 12323 | D:8      | Found a sacrificial altar of Ru.
 12623 | D:8      | Reached skill level 10 in Unarmed Combat
 13102 | D:9      | Noticed Prince Ribbit
 13107 | D:9      | Killed Prince Ribbit
 13127 | D:9      | Reached skill level 1 in Evocations
 13333 | D:9      | Noticed Joseph
 13347 | D:9      | Killed Joseph
 13353 | D:9      | Found a staircase to the Orcish Mines.
 13375 | D:9      | Gained mutation: You may emit foul miasma when damaged in
                  | melee. [demonic ancestry]
 13375 | D:9      | Reached XP level 11. HP: 64/87 MP: 11/11
 13539 | D:9      | Found a white marble altar of Elyvilon.
 13590 | D:9      | Found a staircase to the Lair.
 13714 | D:10     | Entered Level 10 of the Dungeon
 13943 | D:10     | Reached skill level 1 in Spellcasting
 14247 | D:10     | Noticed a two-headed ogre
 14252 | D:10     | Killed a two-headed ogre
 14314 | D:10     | Killed an unseen horror
 14314 | D:10     | Reached skill level 11 in Unarmed Combat
 14831 | D:10     | Learned a level 2 spell: Searing Ray
 14836 | D:10     | Learned a level 4 spell: Iskenderun's Mystic Blast
 14991 | D:10     | Gained mutation: Armour fits poorly on your strangely
                  | shaped body. [evolution]
 15197 | D:11     | Reached skill level 1 in Conjurations
 15762 | D:11     | Noticed a wizard
 15775 | D:11     | Killed a wizard
 16243 | D:11     | Noticed a wizard
 16255 | D:11     | Killed a wizard
 16275 | D:11     | Noticed a wizard
 16283 | D:11     | Found the +3 warlock's mirror {reflect}
 16289 | D:11     | Killed a wizard
 16308 | D:11     | Noticed a boulder beetle
 16309 | D:11     | Noticed a wizard
 16313 | D:11     | Noticed a wizard
 16318 | D:11     | Killed a boulder beetle
 16318 | D:11     | Reached XP level 12. HP: 43/97 MP: 8/17
 16585 | D:11     | Paralysed by a wizard for 4 turns
 16607 | D:11     | Reached skill level 10 in Fighting
 16608 | D:11     | Paralysed by a wizard for 3 turns
 16752 | D:11     | Cast into level 2 of the Abyss (a wizard)
 16752 | Abyss:2  | Found a corrupted altar of Lugonu.
 16827 | Abyss:2  | Noticed a cacodemon
 16829 | Abyss:2  | Gained mutation: You have a pair of small horns on your
                  | head. [a cacodemon]
 16830 | Abyss:2  | Gained mutation: Your magical capacity is low. (-10% MP) [a
                  | cacodemon]
 16834 | Abyss:2  | Gained mutation: Your body sometimes deteriorates upon
                  | taking damage. [a cacodemon]
 16837 | Abyss:2  | Killed a cacodemon
 16947 | Abyss:2  | Reached skill level 5 in Spellcasting
 16964 | Abyss:2  | Noticed a green draconian
 16971 | Abyss:2  | HP: 3/98 [thrashing horror (6)]
 16973 | Abyss:2  | Reached skill level 12 in Unarmed Combat
 16973 | Abyss:2  | Reached skill level 5 in Conjurations
 16975 | Abyss:2  | HP: 1/99 [efreet/+3 scimitar of flaming (1)]
 16980 | Abyss:2  | Mangled by a green draconian

Illustrated notes

Levels and vault maps discovered:
D:1:      noname_arrival_rooms_in_the_neighbourhood, layout_rooms
D:2:      layout_basic, nicolae_overflow_hidden_temple, minmay_misc_feat_cross
D:3:      minmay_general_purpose_star, layout_rooms, vehumet_crystals,
          kiku_gazebo_pond_becter, portal_sewer_entry_a
D:4:      layout_loops_ring, nicolae_overflow_crystal_walls,
          lemuel_zombie_altar_yredelemnul, temple_fountains, serial_shops,
          kennysheep_little_box
D:5:      layout_loops_ring, serial_shops, shop_statue
D:6:      layout_layer_cave
D:7:      minmay_the_grid_plus [minmay_the_grid_odd_star,
          minmay_the_grid_zigzag_pyramid, minmay_the_grid_embedded,
          minmay_the_grid_plusring, minmay_the_grid_prize_inner_circle],
          layout_basic, zin_purify, lemuel_round_altar,
          chequers_temple_overflow_minitemple, serial_rivers,
          chequers_serial_rivers_micro_a, chequers_serial_rivers_room_a,
          chequers_serial_rivers_room_b, chequers_serial_rivers_small_3,
          chequers_serial_rivers_micro_b, dk_rats_in_the_wall
D:8:      layout_basic, kennysheep_mini
D:9:      layout_rooms, lemuel_doored_altar, lair_entry_dummy, orc_0_dummy,
          uniq_joseph, uniq_prince_ribbit1
D:10:     layout_layer_cave, kennysheep_generic_room_13
D:11:     minmay_smoke_and_mirrors, layout_small_grid
Temple:   dpeg_three_leaves_temple
Abyss:2:  base: D:12, base: D:6, hangedman_abyss_river_spirits

Skill      XL: |  1  2  3  4  5  6  7  8  9 10 11 12 |
---------------+-------------------------------------+-----
Dodging        | 3 |  3.3
Long Blades    | 3 |  3.3
Fighting       | 3 4 5 6 7 8 9 10 | 10.6
Unarmed Combat | 1 2 3 5 7 8 10 11 12 | 12.0
Armour         | 1 2 3 4 6 7 8 9 |  9.3
Evocations     | 2 |  2.3
Spellcasting   | 3 5 |  5.3
Conjurations   | 3 5 |  5.1
Throwing       | |  1.7

Action                   |  1- 3 |  4- 6 |  7- 9 | 10-12 || total
-------------------------+-------+-------+-------+-------++-------
Melee: Long sword        |   103 |   325 |   341 |       ||   769
       Punch             |       |     2 |    15 |    35 ||    52
       Unarmed           |       |       |    47 |   544 ||   591
       Headbutt          |       |       |       |    14 ||    14
Throw: Throwing net      |     1 |       |     7 |       ||     8
       Dart              |       |       |    30 |    24 ||    54
Invok: Potion Petition   |       |       |       |     1 ||     1
Evoke: Wand              |       |       |       |     5 ||     5
  Use: Potion            |       |       |     2 |    10 ||    12
       Scroll            |       |       |       |    17 ||    17
 Stab: Sleeping          |       |     4 |     3 |     5 ||    12
       Distracted        |       |       |     4 |     4 ||     8
       Invisible         |       |       |     2 |     3 ||     5
       Held in net/web   |       |       |     2 |       ||     2
Armor: Leather armour    |    35 |   136 |    90 |       ||   261
       Scale mail        |       |       |    17 |    30 ||    47
       Plate armour      |       |       |       |   329 ||   329
Dodge: Dodged            |    88 |   315 |   298 |   235 ||   936
       Rpst.: Long sword |    34 |    98 |    84 |       ||   216

Table legend: (Time is in decaauts)
 A = Elapsed time spent in this place.
 B = Non-inter-level travel time spent in this place.
 C = Inter-level travel time spent in this place.
 D = Time resting spent in this place.
 E = Time spent auto-exploring this place.
 F = Levels seen in this place.
 G = Mean time per level.
                   A        B        C        D        E       F      G
               +--------+--------+--------+--------+--------+-----+--------+
         Total |  17144 |  16731 |    413 |   5352 |   7475 |  14 | 1224.6 |
       Dungeon |  15834 |  15430 |    404 |   4747 |   7475 |  11 | 1439.5 |
        Temple |    346 |    337 |      9 |    269 |      0 |   1 |  346.0 |
         Abyss |    232 |    232 |      0 |     59 |      0 |   1 |  232.0 |
         Sewer |    730 |    730 |      0 |    276 |      0 |   1 |  730.0 |
               +--------+--------+--------+--------+--------+-----+--------+

Top non-repeatable levels by time:
     D:7: 3108 daAuts
     D:6: 1769 daAuts
    D:11: 1535 daAuts
     D:5: 1469 daAuts
    D:10: 1449 daAuts
     D:2: 1430 daAuts
     D:4: 1187 daAuts
     D:8: 1142 daAuts
     D:3: 1122 daAuts
     D:1: 949 daAuts
   Sewer: 730 daAuts
     D:9: 671 daAuts
  Temple: 346 daAuts
 Abyss:2: 232 daAuts
